 Dungeon Crawl Stone Soup version 0.30-a0-948-g4fa250aae5 (webtiles) character file.

Game seed: 34603891325173342

19 Zonian the Insei (level 2, -1/18 HPs)
             Began as a Tengu Gladiator on Mar 26, 2023.
             Slain by a rat (2 damage)
             ... on level 1 of the Dungeon.
             The game lasted 00:00:49 (319 turns).

Zonian the Insei (Tengu Gladiator)                   Turns: 319, Time: 00:00:50

Health: -1/18      AC:  3    Str: 14    XL:     2   Next: 75%
Magic:  3/3        EV: 13    Int:  8    God:
Gold:   52         SH:  0    Dex: 15    Spells: 1/1 levels left

rFire   . . .      SeeInvis .      - Unarmed
rCold   . . .      Faith    .    (no shield)
rNeg    . . .      Spirit   .    a - +0 leather armour
rPois   .          Reflect  .    b - +0 hat
rElec   .          Rampage  .    (no cloak)
rCorr   .                        (no gloves)
Will    .....                    (boots unavailable)
Stlth   +                        (no amulet)
HPRegen 0.23/turn                (no ring)
MPRegen 0.08/turn                (no ring)

@: no status effects
A: beak, talons 3
a: no special abilities


You were on level 1 of the Dungeon.
You visited 1 branch of the dungeon, and saw 1 of its levels.

You collected 52 gold pieces.

Inventory:

Missiles
 c - 3 throwing nets (quivered)
 d - a javelin
 f - 2 poisoned darts
 j - 4 datura-tipped darts
Armour
 a - a +0 leather armour (worn)
 b - a +0 hat (worn)
Scrolls
 g - a scroll of poison {unknown}
 i - 2 scrolls of identify {unknown}
Potions
 e - 2 potions of curing {unknown}
 h - 3 potions of heal wounds {unknown}


   Skills:
 + Level 2.4 Fighting
 - Level 2.0 Throwing
 + Level 3.6 Dodging
 + Level 3.6 Unarmed Combat


You had one spell level left.
You didn't know any spells.
Your spell library was empty.

Dungeon Overview and Level Annotations

Branches:
Dungeon (1/15)

Altars:


Innate Abilities, Weirdness & Mutations

You have a beak for a mouth.
You have claws for feet.


Message History

The endoplasm jiggles.
You closely miss the jackal. Your kick misses the jackal.
The jackal is heavily wounded.
The jackal bites you but does no damage.
You closely miss the jackal. You peck the jackal.
The jackal is almost dead.
The jackal barely misses you. x2
You barely miss the jackal. You peck the jackal, but do no damage.
The jackal is almost dead.
A quokka comes into view.
The jackal bites you but does no damage.
You hit the jackal.
You kill the jackal!
The kobold throws a stone.
The stone barely misses you.
You punch the endoplasm!
You kill the endoplasm!
The quokka barely misses you. The quokka closely misses you.
You barely miss the quokka. The quokka misses you.
The kobold hits you with a +0 dagger.
You closely miss the quokka. You claw the quokka. Your peck misses the quokka.
The quokka is heavily wounded.
The quokka closely misses you. The kobold hits you but does no damage.
The rat bites you but does no damage.
You hit the quokka but do no damage. Your kick misses the quokka.
The quokka is heavily wounded.
The quokka bites you but does no damage.
The kobold misses you. The rat bites you.
You hit the quokka but do no damage. Your peck misses the quokka.
The quokka is heavily wounded.
The quokka barely misses you. The kobold hits you with a +0 dagger.
The rat misses you.
You hit the quokka.
The quokka is severely wounded.
The quokka bites you.
* * * LOW HITPOINT WARNING * * *
The kobold hits you with a +0 dagger.
* * * LOW HITPOINT WARNING * * *
The rat bites you.
You die...

#.########..#
##.#.........#
####....†.......#
........##.###.#
##..........####
#.###.....#.....##
................#
##.....#.r.).##
#.......K@r..#
###.#####.###>#
#..# ### .# ##.#.#
# ##.J##.# #.#K#
#.#
#.....##........
#...... ....#.###
#.....##.....#


You could see a quokka, a kobold and a rat.

Vanquished Creatures
  A dart slug (D:1)
  3 bats (D:1)
  An endoplasm (D:1)
  2 giant cockroaches (D:1)
  A hobgoblin (D:1)
  3 jackals (D:1)
  A kobold (D:1)
  2 frilled lizards (D:1)
  A goblin (D:1)
15 creatures vanquished.

Notes
Turn   | Place    | Note
-------+----------+-------------------------------------------
     0 | D:1      | Zonian the Tengu Gladiator began the quest for the Orb.
     0 | D:1      | Reached XP level 1. HP: 12/12 MP: 2/2
   193 | D:1      | Reached XP level 2. HP: 16/17 MP: 3/3
   319 | D:1      | Slain by a rat

Illustrated notes

Levels and vault maps discovered:
D:1:      reono_arrival_forest_river, layout_loops_ring,
          chequers_ecumenical_altar_lobes, st_stairs_3

Action                     || total
---------------------------++-------
  Melee: Unarmed           ||    36
         Kick              ||    12
         Peck              ||     4
   Stab: Sleeping          ||     1
 Armour: Leather armour    ||    15
  Dodge: Dodged            ||    28

Table legend: (Time is in decaauts)
 A = Elapsed time spent in this place.
 B = Non-inter-level travel time spent in this place.
 C = Inter-level travel time spent in this place.
 D = Time resting spent in this place.
 E = Time spent auto-exploring this place.
 F = Levels seen in this place.
 G = Mean time per level.
                   A        B        C        D        E       F      G
               +--------+--------+--------+--------+--------+-----+--------+
         Total |    320 |    320 |      0 |      0 |    211 |   1 |  320.0 |
       Dungeon |    320 |    320 |      0 |      0 |    211 |   1 |  320.0 |
               +--------+--------+--------+--------+--------+-----+--------+

Top non-repeatable levels by time:
     D:1: 320 daAuts
